 Dungeon Crawl Stone Soup version 0.32-a0-918-g0f22ef8d61 (webtiles) character file.

Game seed: 12685556460966087807

317 Cancer the Digger (level 6, -5/32 HPs)
             Began as a Gargoyle Earth Elementalist on Apr 11, 2024.
             Slain by an orc warrior
             ... wielding a +0 dire flail
              (12 damage)
             ... on level 3 of the Dungeon.
             The game lasted 00:08:23 (2500 turns).

Cancer the Digger (Gargoyle Earth Elementalist)     Turns: 2500, Time: 00:08:24

Health: -5/32      AC:  7    Str: 12    XL:     6   Next: 45%
Magic:  8/11       EV: 10    Int: 17    God:
Gold:   92         SH:  0    Dex: 10    Spells: 5/12 levels left

rFire   . . .        k - +10 dagger of the Moth {speed, Stlth+}
rCold   . . .        (no shield)
rNeg    + . .        l - +0 troll leather armour {Pargi}
rPois   ∞            (no helmet)
rElec   +            (no cloak)
rCorr   .            (no gloves)
SInv    +            (no boots)
Will    .....        (no amulet)
Stlth   +++          e - ring of see invisible
HPRegen 1.05/turn    (no ring)
MPRegen 0.12/turn

%: no passive effects
@: no status effects
A: sickness immunity, AC +4, negative energy resistance 1, electricity
resistance, torment resistance 1, petrification resistance
a: no special abilities


You were on level 3 of the Dungeon.
You visited 1 branch of the dungeon, and saw 3 of its levels.
You also visited: Sewer.

You collected 92 gold pieces.

Inventory:

Hand Weapons
 k - the +10 dagger of the Moth (weapon) {speed, Stlth+}
   (You took it off a hobgoblin on level 2 of the Dungeon)

   Stlth+:    It makes you more stealthy.
Armour
 a - a +0 robe
 l - a +0 troll leather armour (worn) {Pargi}
 q - a +3 leather armour
Jewellery
 e - a ring of see invisible (left hand)
Scrolls
 c - 2 scrolls of fog {unknown}
 d - 2 scrolls of teleportation {unknown}
 h - 2 scrolls of immolation {unknown}
 i - a scroll of vulnerability {unknown}
 j - a scroll of brand weapon {unknown}
 p - a scroll of summoning {unknown}
 r - a scroll of identify {unknown}
Potions
 b - 2 potions of magic
 f - a potion of attraction {unknown}
 g - a potion of degeneration {unknown}
 m - 2 potions of heal wounds {unknown}
 n - a potion of cancellation {unknown}
 o - a potion of resistance {unknown}
 s - a potion of ambrosia {unknown}


   Skills:
 - Level 1.5 Dodging
 - Level 2.1 Stealth
 + Level 3.9 Spellcasting
 + Level 4.0 Conjurations
 + Level 5.6 Earth Magic


You had 5 spell levels left.
You knew the following spells:

 Your Spells              Type           Power      Damage    Failure   Level
a - Sandblast             Erth           44%        2d11      1%          1
b - Stone Arrow           Conj/Erth      38%        3d9       9%          3
c - Passwall              Erth           22%        N/A       6%          3

Your spell library contained the following spells:

 Spells                   Type           Power      Damage    Failure   Level
 Brom's Barrelling Bould  Conj/Erth      19%        2d4       28%         4
 Ensorcelled Hibernation  Hex/Ice        6%         N/A       30%         2
 Scorch                   Fire           6%         2d5       30%         2
 Fugue of the Fallen      Necr           3%         N/A       52%         3
 Animate Armour           Summ/Erth      24%        N/A       54%         4
 Petrify                  Alch/Erth      12%        N/A       54%         4
 Flame Wave               Conj/Fire      10%        2d6       65%         4
 Anguish                  Hex/Necr       1%         N/A       90%         4
 Summon Cactus Giant      Summ           1%         N/A       100%        6
 Lehudib's Crystal Spear  Conj/Erth      9%         10d4      100%        8


Dungeon Overview and Level Annotations

Branches:
Dungeon (3/15)              Sewer (visited)

Altars:
Makhleb
Sif Muna
Xom


Innate Abilities, Weirdness & Mutations

You are immune to sickness and miasma.
Your stone body is resilient. (AC +4)
You are immune to poison.
You resist negative energy. (rN+)
You are resistant to electric shocks. (rElec)
You are resistant to unholy torment.
You are immune to petrification.


Message History

Press: ? - help, v - describe, . - travel
Here: an orc warrior, wielding a +0 dire flail and wearing a +0 plate armour The floor.
Casting: Passwall (dangerous; 6% risk of failure)
Confirm with . or Enter, or press ? or * to list all spells.
Aiming: Sandblast (safe; 1% risk of failure)
Press: ? - help, Shift-Dir - straight line, f - orc warrior
Aim: an orc warrior, wielding a +0 dire flail and wearing a +0 plate armour (83% to hit)
The blast of sand hits the orc warrior but does no damage.
The jackal barks!
A hound comes into view.
The orc warrior barely misses you.
Casting: Sandblast (safe; 1% risk of failure)
Confirm with . or Enter, or press ? or * to list all spells.
Aiming: Sandblast (safe; 1% risk of failure)
Press: ? - help, Shift-Dir - straight line, f/p - orc warrior
Aim: an orc warrior, wielding a +0 dire flail and wearing a +0 plate armour (83% to hit)
The blast of sand hits the orc warrior but does no damage.
An orc comes into view. It is wielding a +0 dagger.
The orc warrior closely misses you.
A quokka comes into view.
The orc warrior hits you with a +0 dire flail!
Casting: Sandblast (safe; 1% risk of failure)
Confirm with . or Enter, or press ? or * to list all spells.
Aiming: Sandblast (safe; 1% risk of failure)
Press: ? - help, Shift-Dir - straight line, f/p - orc warrior
Aim: an orc warrior, wielding a +0 dire flail and wearing a +0 plate armour (83% to hit)
The blast of sand hits the orc warrior but does no damage.
The orc shouts!
The orc warrior hits you with a +0 dire flail!!
Ouch! That really hurt!
* * * LOW HITPOINT WARNING * * *
Casting: Sandblast (safe; 1% risk of failure)
Confirm with . or Enter, or press ? or * to list all spells.
Okay, then.
Unknown command.
Unknown command.
The orc warrior attacks as it pursues you!
The orc warrior hits you with a +0 dire flail!
You die...

#<#........####.ho ##♣.P.♣.♣
#.#...........##h# ♣♣P♣.P♣
..#...........##w# ♣♣♣..♣#
###.......#...##.# #♣♣♣..#
#.......#..###J# #.♣♣.♣#
#..#######.###.####### #.##..#
#..# #..##.......# #.###.# ##..##
##.##o......###'###.#
##....#######..#@..)...##....#.#
...........##..'........#....#.#
.####.####.##.##......♣.♣....#.#
.##..[..##....##.............#.#
.#.......#.#####....♣.♣.♣.♣..#.##
.#.......#.# ####..........#.#.
....(_.....# ##♣#♣.♣.♣......
.#.......#.# #.#.>###.#.
.#.......#.##### ♣.♣.## #.#.


You could see an orc warrior, a ribbon worm, a hound and an endoplasm.

Vanquished Creatures
  Pargi (Sewer)
  A brain worm (Sewer)
  A crimson imp (D:3)
  Jessica (D:3)
  An adder (D:2)
  3 dart slugs
  5 ball pythons
  5 bats
  An endoplasm (D:2)
  6 giant cockroaches
  10 goblins
  6 hobgoblins
  2 jackals (D:1)
  9 quokkas
  6 frilled lizards
  5 kobolds
  4 rats
67 creatures vanquished.

Notes
Turn   | Place    | Note
-------+----------+-------------------------------------------
     0 | D:1      | Cancer the Gargoyle Earth Elementalist began the quest for
                  | the Orb.
     0 | D:1      | Reached XP level 1. HP: 10/10 MP: 3/3
   165 | D:1      | Reached XP level 2. HP: 15/15 MP: 3/5
   457 | D:1      | Reached skill level 4 in Earth Magic
   681 | D:2      | Reached XP level 3. HP: 19/19 MP: 4/6
   691 | D:2      | Identified the +10 dagger of the Moth {speed, Stlth+}
  1251 | D:2      | Reached XP level 4. HP: 24/24 MP: 5/8
  1534 | D:3      | Found a shimmering blue altar of Sif Muna.
  1680 | D:3      | Found a glowing drain.
  1821 | Sewer    | Entered a sewer
  1826 | Sewer    | Learned a level 3 spell: Stone Arrow
  1830 | Sewer    | Learned a level 3 spell: Passwall
  1845 | Sewer    | Noticed Pargi
  1853 | Sewer    | Killed Pargi
  1854 | Sewer    | Reached skill level 5 in Earth Magic
  1854 | Sewer    | Reached XP level 5. HP: 7/28 MP: 3/10
  1993 | Sewer    | Reached XP level 6. HP: 32/32 MP: 6/11
  2137 | D:3      | Noticed Jessica
  2140 | D:3      | Killed Jessica
  2347 | D:3      | Found a shimmering altar of Xom.
  2348 | D:3      | Found a burning altar of Makhleb.
  2491 | D:3      | Noticed an orc warrior
  2500 | D:3      | Slain by an orc warrior

Illustrated notes

Levels and vault maps discovered:
D:1:      sevenhm_arrival_forest_fort_small_4, layout_rooms
D:2:      layout_basic, kennysheep_generic_room_8
D:3:      minmay_spotlight, layout_basic,
          grunt_temple_overflow_champion_of_chaos, old_standard_altar,
          serial_forest, infiniplex_forest_fountain,
          infiniplex_forest_lined_room_3, infiniplex_forest_corner_2,
          infiniplex_forest_end_3, infiniplex_forest_straight_3,
          infiniplex_forest_clump_curved, infiniplex_forest_lined_4_way,
          gup_sewer_entry_pipe, uniq_jessica

Skill      XL: |  1  2  3  4  5  6 |
---------------+-------------------+-----
Earth Magic    | 4 5 |  5.6
Conjurations   | 2 3 4 |  4.0
Spellcasting   | 3 |  3.9
Dodging        | |  1.5
Stealth        | |  2.1

Action                     |  1- 3 |  4- 6 || total
---------------------------+-------+-------++-------
  Melee: Unarmed           |    10 |       ||    10
         Dagger            |       |    31 ||    31
   Cast: Sandblast         |    49 |    30 ||    79
         Passwall          |       |     3 ||     3
   Stab: Sleeping          |       |     4 ||     4
 Armour: Robe              |    22 |    23 ||    45
         Troll leather arm |       |     7 ||     7
  Dodge: Dodged            |    21 |    24 ||    45

Table legend: (Time is in decaauts)
 A = Elapsed time spent in this place.
 B = Non-inter-level travel time spent in this place.
 C = Inter-level travel time spent in this place.
 D = Time resting spent in this place.
 E = Time spent auto-exploring this place.
 F = Levels seen in this place.
 G = Mean time per level.
                   A        B        C        D        E       F      G
               +--------+--------+--------+--------+--------+-----+--------+
         Total |   2588 |   2371 |    217 |    122 |   1284 |   4 |  647.0 |
       Dungeon |   2258 |   2041 |    217 |      0 |   1244 |   3 |  752.7 |
         Sewer |    329 |    329 |      0 |    122 |     39 |   1 |  329.0 |
               +--------+--------+--------+--------+--------+-----+--------+

Top non-repeatable levels by time:
     D:2: 861 daAuts
     D:3: 724 daAuts
     D:1: 672 daAuts
   Sewer: 329 daAuts
